 Dungeon Crawl Stone Soup version 0.26-a0-1176-g060ceda6a5 (webtiles) character file.

Game seed: 12573667854787938769

284 Armakuni the Skirmisher (level 6, -3/51 HPs)
             Began as a Human Wanderer on Dec 25, 2020.
             Was an Initiate of Gozag.
             Slain by Dracia's ghost (9 damage)
             ... on level 4 of the Dungeon.
             The game lasted 00:10:38 (5485 turns).

Armakuni the Skirmisher (Human Wanderer)            Turns: 5485, Time: 00:10:39

Health: -3/51      AC:  5    Str: 10      XL:     6   Next: 55%
Magic:  6/6        EV: 10    Int: 13      God:    Gozag
Gold:   228        SH:  4    Dex: 11 (12) Spells: 5/5 levels left

rFire    + . .     SeeInvis .   a - +0 scimitar
rCold    . . .     Faith    .   c - +0 buckler of the Harp {rPois rF+ Will++ Str-4}
rNeg     . . .     Spirit   .   n - +0 leather armour
rPois    +         Reflect  .   j - +0 helmet
rElec    .         Harm     .   (no cloak)
rCorr    .         Rampage  .   b - +0 pair of gloves
Will     ++...                  (no boots)
Stlth    ++........             R - amulet of regeneration
HPRegen  0.57/turn              (no ring)
MPRegen  0.10/turn              (no ring)

@: about to teleport
A: no striking features
a: Renounce Religion, Potion Petition, Call Merchant, Bribe Branch


You were on level 4 of the Dungeon.
You worshipped Gozag.
Gozag was aware of your devotion.
You visited 2 branches of the dungeon, and saw 5 of its levels.

You collected 335 gold pieces.
You paid 107 gold pieces to Gozag.

Inventory:

Hand Weapons
 a - a +0 scimitar (weapon)
Missiles
 o - 4 silver javelins (quivered)
 p - 2 throwing nets
 t - 4 boomerangs
Armour
 b - a +0 pair of gloves (worn)
 c - the +0 buckler of the Harp (worn) {rPois rF+ Will++ Str-4}
   (You found it on level 4 of the Dungeon)

   It affects your strength (-4).
   It protects you from fire.
   It protects you from poison.
   It affects your willpower, your defense against some magical effects.
 g - a +1 kite shield
 j - a +0 helmet (worn)
 n - a +0 leather armour (worn)
Jewellery
 m - a cursed -4 ring of dexterity
 R - an amulet of regeneration (around neck)
Wands
 l - a wand of paralysis (13)
Scrolls
 i - a scroll of remove curse
 k - a scroll of amnesia
 q - a scroll of teleportation
 u - 2 scrolls of identify
Potions
 d - a potion of resistance
 e - a potion of brilliance
 f - 3 potions of flight
 h - 2 potions of curing


   Skills:
 - Level 5.0 Fighting
 - Level 2.7(3.4) Short Blades
 + Level 3.0(3.6) Long Blades
 - Level 1.0 Axes
 - Level 2.0 Stealth
 - Level 4.1 Shields
 - Level 1.0 Evocations


You had 5 spell levels left.
You didn't know any spells.
Your spell library contained the following spells:

 Spells                   Type           Power        Failure   Level
 Animate Skeleton         Necr           0%           38%         1
 Pain                     Necr           0%           38%         1
 Confusing Touch          Hex            0%           77%         3
 Gell's Gravitas          Tloc           0%           77%         3
 Vampiric Draining        Necr           0%           77%         3
 Animate Dead             Necr           0%           99%         4
 Petrify                  Tmut/Erth      0%           99%         4
 Agony                    Necr           0%           100%        5
 Metabolic Englaciation   Hex/Ice        0%           100%        5
 Yara's Violent Unravell  Hex/Tmut       0%           100%        5


Dungeon Overview and Level Annotations

Branches:
Dungeon (4/15)             Temple (1/1) D:4

Altars:
Ashenzari
Cheibriados
Dithmenos
Elyvilon
Gozag
Hepliaklqana
Kikubaaqudgha
Makhleb
Nemelex Xobeh
Okawaru
Qazlal
Ru
Sif Muna
Trog
Wu Jian
Xom
Yredelemnul
Zin
The Shining One

Annotations:
D:4 Dracia's ghost, novice TrMo


Message History

You enter the transporter and appear at another place.
Dracia's ghost barely misses you. The quasit barely misses you.
You riposte.
You miss the quasit. The quasit misses you.
The quasit claws you but does no damage.
As you read the scroll of teleportation, it crumbles to dust.
You feel strangely unstable. You block the quasit's attack.
The quasit barely misses you. You block the quasit's attack.
Dracia's ghost hits you!!
The quasit bites you but does no damage.
The quasit claws you but does no damage.
The quasit closely misses you. Dracia's ghost hits you!
* * * LOW HITPOINT WARNING * * *
The quasit bites you but does no damage.
The quasit closely misses you. x2
Dracia's ghost hits you!
* * * LOW HITPOINT WARNING * * *
Dracia's ghost hits you!
You die...
Your body crumbles into a pile of gold.

.##..#......#....###...##.##.#
######......##.#.....#..[..#.#
#.......#...#..©..##..#.#
#####...#..##..#......#.#
##..#....#...#...##.#
#..##......#.5.©#..#
#...##.###..#####.##
#....###©####.....#
##....@W......#####
##....5.###### ########


You could see a quasit and Dracia's ghost.

Vanquished Creatures
  An ogre (D:4)
  An orc priest (D:2)
  A centaur skeleton (D:4)
  A worker ant (D:4)
  An orc wizard (D:3)
  3 adders
  A worm (D:2)
  2 dart slugs (D:1)
  2 leopard geckos (D:4)
  7 orcs
  5 bats
  4 giant cockroaches
  4 hobgoblins
  3 quokkas
  A ball python (D:2)
  A frilled lizard (D:1)
  2 goblins
  7 kobolds
  8 rats
55 creatures vanquished.

Notes
Turn   | Place    | Note
-------+----------+-------------------------------------------
     0 | D:1      | Armakuni the Human Wanderer began the quest for the Orb.
     0 | D:1      | Armakuni set off with the following items: a +0 hand axe, a
                  | +0 kite shield, a potion of lignification, a +0 robe, a +0
                  | dagger
     0 | D:1      | Reached XP level 1. HP: 21/21 MP: 1/1
   265 | D:1      | Reached skill level 1 in Short Blades
   265 | D:1      | Reached XP level 2. HP: 11/27 MP: 2/2
  1250 | D:2      | Reached XP level 3. HP: 4/33 MP: 3/3
  1621 | D:2      | Reached XP level 4. HP: 32/39 MP: 4/4
  2433 | D:2      | You fall into a shaft and drop 1 floor!
  3064 | D:2      | Found a shimmering blue altar of Sif Muna.
  4030 | D:3      | Reached XP level 5. HP: 31/44 MP: 5/5
  4140 | D:3      | Found a burning altar of Makhleb.
  4140 | D:3      | Noticed an Executioner
  4188 | D:3      | Reached skill level 1 in Long Blades
  4803 | D:4      | Noticed an ogre
  4811 | D:4      | Killed an ogre
  4812 | D:4      | Reached XP level 6. HP: 31/51 MP: 6/6
  4879 | D:4      | Found a transporter.
  4881 | D:4      | Got a spiked buckler
  4892 | D:4      | Identified the +0 buckler of the Harp {rPois rF+ Will++
                  | Str-4} (You found it on level 4 of the Dungeon)
  4892 | D:4      | Noticed Dracia's ghost (novice TrMo)
  4924 | D:4      | Found a transporter.
  5153 | D:4      | Found a staircase to the Ecumenical Temple.
  5172 | Temple   | Entered the Ecumenical Temple
  5280 | Temple   | Became a worshipper of Gozag Ym Sagoz the Greedy
  5485 | D:4      | Slain by Dracia's ghost

Illustrated notes

Levels and vault maps discovered:
D:1:      lemuel_arrival_rhombus, layout_loops_ring, serial_park_tiny_2
D:2:      cheibrodos_pilgrimage, layout_basic, lemuel_blue_sif_altar,
          st_stairs_12
D:3:      layout_basic, makhleb_altar_promises_db
D:4:      layout_gridville, temple_green, gammafunk_ghost_stat_death
Temple:   dpeg_five_rooms_temple

Skill      XL: |  1  2  3  4  5  6 |
---------------+-------------------+-----
Short Blades   | 1 2 |  2.7
Shields        | 2 3 4 |  4.1
Long Blades    | 2 3 |  3.0
Fighting       | |  5.0
Axes           | |  1.0
Stealth        | |  2.0
Evocations     | |  1.0

Action                   |  1- 3 |  4- 6 || total
-------------------------+-------+-------++-------
Melee: Dagger            |    91 |   171 ||   262
       Falchion          |       |    76 ||    76
       Scimitar          |       |    24 ||    24
 Fire: Hunting sling     |     3 |    65 ||    68
Throw: Javelin           |       |     4 ||     4
  Use: Scroll            |     7 |    11 ||    18
       Potion            |     2 |     2 ||     4
 Stab: Sleeping          |     1 |       ||     1
Armor: Robe              |    16 |     1 ||    17
       Leather armour    |       |   102 ||   102
       Skin              |       |    52 ||    52
Dodge: Dodged            |    24 |   174 ||   198
Block: Kite shield       |    32 |    10 ||    42
       Buckler           |       |    13 ||    13
       Rpst.: Falchion   |       |    13 ||    13
       Scimitar          |       |    12 ||    12

Table legend: (Time is in decaauts)
 A = Elapsed time spent in this place.
 B = Non-inter-level travel time spent in this place.
 C = Inter-level travel time spent in this place.
 D = Time resting spent in this place.
 E = Time spent auto-exploring this place.
 F = Levels seen in this place.
 G = Mean time per level.
                   A        B        C        D        E       F      G
               +--------+--------+--------+--------+--------+-----+--------+
         Total |   5508 |   5313 |    195 |   1307 |   2773 |   5 | 1101.6 |
       Dungeon |   5309 |   5144 |    165 |   1307 |   2612 |   4 | 1327.2 |
        Temple |    198 |    168 |     30 |      0 |    161 |   1 |  198.0 |
               +--------+--------+--------+--------+--------+-----+--------+

Top non-repeatable levels by time:
     D:2: 2421 daAuts
     D:1: 1185 daAuts
     D:3: 901 daAuts
     D:4: 800 daAuts
  Temple: 198 daAuts
